 Dungeon Crawl Stone Soup version 0.28-a0-662-g1651b1f1e0 (webtiles) character file.

Game seed: 4060779327369052592

113 namoto the Magician (level 4, 0/32 HPs)
             Began as a Demonspawn Hedge Wizard on Jan 1, 2021.
             Was an Initiate of Sif Muna.
             Slain by a scorpion (4 damage)
             ... on level 3 of the Dungeon on Oct 14, 2021.
             The game lasted 00:16:25 (3880 turns).

namoto the Magician (Demonspawn Hedge Wizard)       Turns: 3880, Time: 00:16:26

Health: 0/32       AC:  4    Str: 11    XL:     4   Next: 65%
Magic:  9/9        EV: 12    Int: 16    God:    Sif Muna [......]
Gold:   46         SH:  0    Dex: 12    Spells: 2/10 levels left

rFire   . . .      SeeInvis .   j - +0 mace
rCold   . . .      Faith    .   (no shield)
rNeg    . . .      Spirit   .   b - +0 robe
rPois   .          Reflect  .   c - +0 hat
rElec   .          Harm     .   (no cloak)
rCorr   .          Rampage  .   H - +0 pair of gloves
Will    .....                   g - +0 pair of boots
Stlth   ++........              (no amulet)
HPRegen 0.10/turn               f - ring of wizardry
MPRegen 0.11/turn               (no ring)

@: no status effects
A: no striking features
a: Renounce Religion


You were on level 3 of the Dungeon.
You worshipped Sif Muna.
Sif Muna was noncommittal.
You visited 1 branch of the dungeon, and saw 4 of its levels.

You collected 46 gold pieces.

Inventory:

Hand Weapons
 a - a +0 dagger
 j - a +0 mace (weapon)
Missiles
 h - 6 atropa-tipped darts
 n - 78 arrows
 r - 19 sling bullets
 s - 12 stones
 y - 35 bolts
 z - 3 poisoned darts (quivered)
Armour
 b - a +0 robe (worn)
 c - a +0 hat (worn)
 d - a +0 leather armour
 g - a +0 pair of boots (worn)
 H - a +0 pair of gloves (worn)
Jewellery
 f - a ring of wizardry (left hand)
 w - a ring of protection from cold {unknown}
 A - an amulet of regeneration
 B - a ring of magical power
Wands
 F - a wand of flame (15)
Scrolls
 l - a scroll of blinking {unknown}
 m - a scroll of enchant weapon {unknown}
 p - a scroll of removedness
 t - 3 scrolls of fog {unknown}
 u - 3 scrolls of identify {unknown}
 x - a scroll of removedness
 C - a scroll of immolation {unknown}
 D - a scroll of silence {unknown}
Potions
 i - a potion of degeneration {unknown}
 k - a potion of cancellation {unknown}
 o - a potion of ambrosia {unknown}
 q - 4 potions of curing {unknown}
 v - a potion of magic {unknown}
 E - a potion of might {unknown}
 G - a potion of flight {unknown}


   Skills:
 - Level 1.6 Fighting
 - Level 0.4 Short Blades
 - Level 1.0 Maces & Flails
 - Level 2.2 Dodging
 - Level 1.7 Stealth
 + Level 3.7 Spellcasting
 + Level 1.8 Conjurations
 - Level 1.0 Summonings
 - Level 0.8 Translocations
 + Level 0.4 Air Magic
 + Level 0.5 Poison Magic


You had 2 spell levels left.
You knew the following spells:

 Your Spells              Type           Power      Damage    Failure   Level
a - Magic Dart            Conj           36%        1d4       3%          1
b - Blink                 Tloc           N/A        N/A       8%          2
c - Call Imp              Summ           6%         N/A       7%          2
d - Mephitic Cloud        Conj/Pois/Air  6%         N/A       14%         3

Your spell library contained the following spells:

 Spells                   Type           Power      Damage    Failure   Level
 Shock                    Conj/Air       24%        1d4       4%          1
 Slow                     Hex            3%         N/A       11%         2
 Conjure Flame            Conj/Fire      6%         6-21      14%         3
 Swiftness                Air            4%         N/A       17%         3
 Airstrike                Air            2%         N/A       47%         4


Dungeon Overview and Level Annotations

Branches:
Dungeon (4/15)
 Temple: D:4-7

Altars:
Makhleb
Sif Muna
Xom
Zin
Beogh

Shops:
D:3 [


Message History

You are poisoned.
The scorpion poisons you!
Throw: 4 darts (poison)
Press: ? - help, Q - select action, (/) - cycle Shift-Dir - straight line, f/p - scorpion
Aim: a scorpion (lightly wounded, 56% to hit)
You throw a poisoned dart.
The poisoned dart closely misses the scorpion.
* * * LOW HITPOINT WARNING * * *
You feel very sick. The scorpion stings you.
* * * LOW HITPOINT WARNING * * *
You feel much better.
You feel sick. The scorpion barely misses you. The scorpion stings you.
You feel sick.
You feel sick.
You feel sick.
You feel sick.
You feel sick.
You feel sick.
You are no longer poisoned.
The scorpion stings you. The scorpion misses you. The scorpion stings you.
The scorpion stings you.
* * * LOW HITPOINT WARNING * * *
The scorpion stings you.
* * * LOW HITPOINT WARNING * * *
There is a stone staircase leading up here.
The scorpion barely misses you.
You climb upwards.
There is a stone staircase leading down here.
The scorpion stings you but does no damage.
The scorpion closely misses you. The scorpion closely misses you.
The scorpion stings you.
* * * LOW HITPOINT WARNING * * *
The scorpion completely misses you.
The scorpion stings you but does no damage.
The scorpion stings you.
You die...

#........∩†###..........
#.......⌠.⌠# ##.........
#......>...# ##........
#..........# ####....#
#..........# #..###
######.#############.#
#.# #......#.# #.####
#......#.###
#.@s.###..........#
####..##......#.#.<
##.##......#.##.
#.##......#.###
#..####.###.# #
##.####.###.# #
#.#........###
#............#
#...#####..#.#


You could see a scorpion.

Vanquished Creatures
  4 adders
  3 endoplasms
  3 dart slugs
  6 orcs
  2 removed leopard geckos (D:2)
  2 ball pythons
  11 bats
  3 giant cockroaches
  2 goblins
  6 hobgoblins
  A quokka (D:3)
  4 frilled lizards
  3 kobolds
  8 rats
58 creatures vanquished.

Vanquished Creatures (others)
  14 plants (D:4)
14 creatures vanquished.

Grand Total: 72 creatures vanquished

Notes
Turn   | Place    | Note
-------+----------+-------------------------------------------
     0 | D:1      | namoto the Demonspawn Hedge Wizard began the quest for the
                  | Orb.
     0 | D:1      | Reached XP level 1. HP: 13/13 MP: 4/4
   427 | D:1      | Gained mutation: You are immune to miasma. [demonic
                  | ancestry]
   427 | D:1      | Reached XP level 2. HP: 17/20 MP: 6/6
  1663 | D:2      | Reached skill level 1 in Fighting
  1663 | D:2      | Reached XP level 3. HP: 26/26 MP: 4/7
  1877 | D:2      | Found a burning altar of Makhleb.
  2071 | D:2      | Found a shimmering blue altar of Sif Muna.
  2079 | D:2      | Became a worshipper of Sif Muna the Loreminder
  2464 | D:2      | Learned a level 2 spell: Blink
  2467 | D:2      | Learned a level 2 spell: Call Imp
  2468 | D:2      | Upgraded the game from 0.27-a0-3-gcf006a40f5 to
                  | 0.28-a0-662-g1651b1f1e0
  2500 | D:3      | Found Qagosteq's Antique Armour Emporium.
  2560 | D:3      | Noticed an angel
  2564 | D:3      | Found a shimmering altar of Xom.
  2741 | D:3      | Reached XP level 4. HP: 32/32 MP: 3/9
  2751 | D:3      | Learned a level 3 spell: Mephitic Cloud
  2801 | D:3      | Reached skill level 1 in Maces & Flails
  3349 | D:3      | Found a faded altar of an unknown god.
  3801 | D:4      | Noticed a scorpion
  3880 | D:3      | Slain by a scorpion

Illustrated notes

Levels and vault maps discovered:
D:1:      beargit_arrival_greenhouse, layout_loops_corners,
          minmay_crystal_water, minmay_pentomino_q4
D:2:      layout_loops_ring, general_overflow_altar,
          lemuel_coloured_pillars_altar, serial_glass, glass_columns_c,
          glass_columns_b
D:3:      layout_rooms, grunt_temple_overflow_order_and_chaos_1,
          hellmonk_ecumenical_altar_defaced_shrine, serial_shops, shop_fountains
D:4:      layout_cave_pools, serial_bayou_lagoon_a

Skill      XL: |  1  2  3  4 |
---------------+-------------+-----
Dodging        | 2 |  2.2
Fighting       | 1 |  1.6
Maces & Flails | 1 |  1.0
Short Blades   | |  0.4
Stealth        | |  1.7
Spellcasting   | |  3.7
Conjurations   | |  1.8
Summonings     | |  1.0
Translocations | |  0.8
Air Magic      | |  0.4
Poison Magic   | |  0.5

Action                   |  1- 3 |  4- 6 || total
-------------------------+-------+-------++-------
Melee: Dagger            |    14 |       ||    14
       Mace              |    53 |    23 ||    76
Throw: Dart              |       |    14 ||    14
 Cast: Magic Dart        |    70 |    45 ||   115
  Use: Potion            |       |     2 ||     2
 Stab: Sleeping          |     1 |       ||     1
       Distracted        |     1 |       ||     1
Armor: Robe              |    25 |    12 ||    37
Dodge: Dodged            |    81 |    32 ||   113

Table legend: (Time is in decaauts)
 A = Elapsed time spent in this place.
 B = Non-inter-level travel time spent in this place.
 C = Inter-level travel time spent in this place.
 D = Time resting spent in this place.
 E = Time spent auto-exploring this place.
 F = Levels seen in this place.
 G = Mean time per level.
                   A        B        C        D        E       F      G
               +--------+--------+--------+--------+--------+-----+--------+
         Total |   3908 |   3855 |     53 |    195 |   2492 |   4 |  977.0 |
       Dungeon |   3908 |   3855 |     53 |    195 |   2492 |   4 |  977.0 |
               +--------+--------+--------+--------+--------+-----+--------+

Top non-repeatable levels by time:
     D:1: 1362 daAuts
     D:2: 1149 daAuts
     D:3: 1018 daAuts
     D:4: 378 daAuts
